 Dungeon Crawl Stone Soup version 0.31-a0-219-g8d62b2e7bb (webtiles) character file.

Game seed: 16943772310877386914

54 qw the Shooter (level 3, 0/29 HPs)
             Began as a Minotaur Hexslinger on July 3, 2023.
             Slain by Sigmund
             ... wielding a +0 scythe
              (2 damage)
             ... on level 2 of the Dungeon.
             The game lasted 00:00:27 (974 turns).

qw the Shooter (Minotaur Hexslinger)                 Turns: 974, Time: 00:00:27

Health: 0/29       AC:  4    Str: 11 (12) XL:     3   Next: 66%
Magic:  3/3        EV: 11    Int:  9 (10) God:
Gold:   74         SH:  0    Dex: 13 (14) Spells: 3/4 levels left

rFire   . . .        a - +0 longbow
rCold   . . .        (shield currently unavailable)
rNeg    . . .        g - +0 leather armour
rPois   .            (helmet restricted)
rElec   .            (no cloak)
rCorr   .            f - +0 pair of gloves
SInv    .            (no boots)
Will    .....        (no amulet)
Stlth   +            (no ring)
HPRegen 0.24/turn    (no ring)
MPRegen 0.08/turn

%: no passive effects
@: no status effects
A: horns 2, retaliatory headbutt
a: no special abilities


You were on level 2 of the Dungeon.
You visited 1 branch of the dungeon, and saw 2 of its levels.

You collected 74 gold pieces.


Innate Abilities, Weirdness & Mutations

You have a pair of horns on your head.
You reflexively headbutt those who attack you in melee.


   Skills:
 - Level 2.0 Fighting
 + Level 4.2 Ranged Weapons
 - Level 2.1 Dodging
 - Level 1.0 Spellcasting
 - Level 2.0 Hexes


You had 3 spell levels left.
You knew the following spells:

 Your Spells              Type           Power      Damage    Failure   Level
a - Slow                  Hex            16%        N/A       22%         1

Your spell library contained the following spells:

 Spells                   Type           Power      Damage    Failure   Level
 Inner Flame              Hex/Fire       2%         N/A       67%         3
 Portal Projectile        Hex/Tloc       4%         N/A       67%         3
 Cause Fear               Hex            2%         N/A       91%         4

Inventory:

Hand Weapons
 a - a +0 longbow (weapon)
Armour
 f - a +0 pair of gloves (worn)
 g - a +0 leather armour (worn)
Scrolls
 i - a scroll of identify
Potions
 d - a potion of might

Dungeon Overview and Level Annotations

Branches:
Dungeon (2/15)

Altars:
Ashenzari

Annotations:
D:2 Sigmund


Message History

You now have 74 gold pieces (gained 13).
a - a +0 longbow
Found a broken altar of Ashenzari.
Enter note:
954 ||| SWAPPING to +0 longbow.
a - a +0 longbow (weapon)
955 ||| DROPPING +1 sling.
You drop a +1 sling.
Sigmund the Dreaded comes into view.
He is wielding a +0 scythe.
Sigmund shouts!
Enter note: You shoot an arrow.
The arrow closely misses Sigmund.
You shoot an arrow. The arrow completely misses Sigmund.
Sigmund points at you and mumbles some strange words.
You are confused.
Sigmund hits you from afar with a +0 scythe.
A hobgoblin comes into view.
Sigmund points at you and mumbles some strange words.
You are more confused.
The hobgoblin shouts!
Sigmund closely misses you. Sigmund gestures at you while chanting.
The magic dart hits you.
Sigmund hits you from afar with a +0 scythe.
Sigmund mumbles some strange words.
Sigmund flickers and vanishes!
Deactivating autopickup; reactivate with Ctrl-A.
You hear some strange, mumbled words.
Something tries to affect you, but you resist.
The hobgoblin hits you. Something hits you.
You feel less confused. The hobgoblin hits you.
You shoot an arrow. The arrow barely misses the hobgoblin.
Something hits you.
The hobgoblin hits you but does no damage. x2
You shoot an arrow. The arrow hits the hobgoblin!
You kill the hobgoblin!
Something hits you.
You shoot an arrow. Something hits you.
You die...

#.......# #...# ..
#.......#######....
....##..#.##.#..........
........................
...##..##.#.#..........
.....##.#.#######...#
#####{.......# #....
.......$##.### #...#
.......@.).# #...#
.._...###### #...# .....
...# .... ###


There were no monsters in sight!

Vanquished Creatures
  Robin (D:1)
  A dart slug (D:1)
  2 bats (D:1)
  2 giant cockroaches (D:1)
  8 goblins
  6 hobgoblins
  3 jackals (D:1)
  3 quokkas (D:1)
  2 frilled lizards (D:1)
  3 kobolds (D:1)
  4 rats
35 creatures vanquished.

Notes
Turn   | Place    | Note
-------+----------+-------------------------------------------
     0 | D:1      | qw the Minotaur Hexslinger began the quest for the Orb.
     0 | D:1      | Reached XP level 1. HP: 16/16 MP: 1/1
     0 | D:1      | 0 ||| qw: Version: 0.3-a-40-ge99b1a8
     0 | D:1      | 0 ||| qw: Game counter: 377
     0 | D:1      | 0 ||| qw: Melee chars always use a shield: true
     0 | D:1      | 0 ||| qw: God list: Okawaru
     0 | D:1      | 0 ||| qw: Allow faded altars: false
     0 | D:1      | 0 ||| qw: Do Orc after clearing Dungeon:15 true
     0 | D:1      | 0 ||| qw: Do second Lair branch before Depths: true
     0 | D:1      | 0 ||| qw: Lair rune preference: random
     0 | D:1      | 0 ||| qw: Goals: Normal
     0 | D:1      | 0 ||| PLANNING D:1-11
   180 | D:1      | Reached skill level 3 in Ranged Weapons
   180 | D:1      | Reached XP level 2. HP: 23/23 MP: 2/2
   208 | D:1      | Found a faded altar of an unknown god.
   252 | D:1      | 252 ||| FLEEEEING.
   253 | D:1      | 253 ||| FLEEEEING.
   254 | D:1      | 254 ||| FLEEEEING.
   683 | D:1      | Reached XP level 3. HP: 29/29 MP: 3/3
   690 | D:1      | 690 ||| UPGRADING to +0 pair of gloves.
   695 | D:1      | 695 ||| UPGRADING to +0 leather armour.
   705 | D:1      | 705 ||| DROPPING +0 robe.
   706 | D:1      | 706 ||| READING scroll labelled ONUKAR NAETHRAS.
   707 | D:1      | 707 ||| READING 3 scrolls labelled XIELAU QUKIRGH.
   708 | D:1      | 708 ||| READING scroll labelled ZOUTAORRAU.
   709 | D:1      | 709 ||| DRINKING 2 gluggy clear potions.
   710 | D:1      | 710 ||| READING 2 scrolls of identify.
   710 | D:1      | 710 ||| IDENTIFYING glowing ruby potion
   711 | D:1      | 711 ||| DROPPING scroll of poison.
   712 | D:1      | 712 ||| DROPPING potion of degeneration.
   727 | D:2      | 727 ||| STAIRDANCE
   727 | D:2      | Noticed Robin
   749 | D:2      | 749 ||| STAIRDANCE
   771 | D:2      | 771 ||| STAIRDANCE
   857 | D:2      | 857 ||| STAIRDANCE
   859 | D:1      | Killed Robin
   860 | D:1      | Reached skill level 4 in Ranged Weapons
   953 | D:2      | Found a broken altar of Ashenzari.
   954 | D:2      | 954 ||| SWAPPING to +0 longbow.
   955 | D:2      | 955 ||| DROPPING +1 sling.
   957 | D:2      | Noticed Sigmund
   972 | D:2      | HP: 6/29 [something (6)]
   973 | D:2      | HP: 2/29 [something (5)]
   974 | D:2      | Slain by Sigmund

Levels and vault maps discovered:
D:1:      dpeg_arrival_snail, layout_basic, shapermc_ecumenical_altar_venn,
          st_stairs_9
D:2:      minmay_wonky_spiral, layout_loops_cross, basic_altar, uniq_sigmund,
          uniq_robin, uniq_terence

Skill      XL: |  1  2  3 |
---------------+----------+-----
Ranged Weapons | 3 4 |  4.2
Fighting       | 2 |  2.0
Dodging        | |  2.1
Spellcasting   | |  1.0
Hexes          | |  2.0

Action                     || total
---------------------------++-------
   Fire: Sling             ||    77
         Longbow           ||     5
    Use: Scroll            ||     4
         Potion            ||     1
 Armour: Robe              ||     4
         Leather armour    ||     4
  Dodge: Dodged            ||    44

Table legend:
 A = Non-vault XP
 B = Vault XP
 C = Vault XP percentage of total XP
 D = Non-vault monster count
 E = Vault monster count
 F = Vault count percentage of total count
                 A         B        C        D         E       F
            +---------+---------+-------+---------+---------+-------
      Total |      41 |      37 |  47.4 |      24 |      11 |  31.4
            +---------+---------+-------+---------+---------+-------
        D:1 |      38 |      25 |  39.7 |      22 |       5 |  18.5
        D:2 |       3 |      12 |  80.0 |       2 |       6 |  75.0
            +---------+---------+-------+---------+---------+-------
